 Dungeon Crawl Stone Soup version 0.28-a0-957-g42eb19b844 (webtiles) character file.

Game seed: 12842893477502547545

97572 mainiacjoe the Geomancer (level 15, -1/104 HPs)
             Began as a Deep Elf Summoner on Nov 30, 2021.
             Was a High Priest of Ashenzari.
             Killed from afar by a hell hog (15 damage)
             ... with a fireball
             ... on level 2 of the Lair of Beasts on Dec 1, 2021.
             The game lasted 02:20:55 (36440 turns).

mainiacjoe the Geomancer (Deep Elf Summoner)       Turns: 36440, Time: 02:20:56

Health: -1/104     AC: 19    Str:  5    XL:     15   Next: 72%
Magic:  15/35      EV: 18    Int: 28    God:    Ashenzari [*****.]
Gold:   671        SH: 11    Dex: 15    Spells: 7/43 levels left

rFire   . . .      SeeInvis +   a - +2 quick blade (venom)
rCold   . . .      Faith    .   i - +0 buckler of Ashenzari's Sun {Cun, Self} (curse)
rNeg    . . .      Spirit   .   r - +3 leather armour "Behold Eternity" {rPois, Bglg, Melee} (curse)
rPois   +          Reflect  +   P - +0 helmet "Gaze Upon Infinity" {Fort, Bglg} (curse)
rElec   .          Harm     .   Y - scarf "At What Cost Knowledge?" {shadows, Fort, Evo} (curse)
rCorr   .          Rampage  .   B - +2 pair of gloves "Gaze Upon Infinity" {Evo, Bglg} (curse)
Will    +....      Clarity  +   t - +0 pair of boots "Regret of Ashenzari" {Fort, Comp} (curse)
Stlth   +++++.....              D - amulet "Eternal With Me" {Reflect SH+5, Comp, Self} (curse)
HPRegen 0.27/turn               V - +4 ring of protection
MPRegen 0.24/turn               Q - ring of the Fated Affliction {AC+4, Cun, Self} (curse)

@: about to teleport, slowed, very slow
A: no striking features
a: Renounce Religion, Shatter the Chains


You were on level 2 of the Lair of Beasts.
You worshipped Ashenzari.
Ashenzari was extremely pleased with you.
You visited 4 branches of the dungeon, and saw 24 of its levels.
You also visited: Bailey.

You collected 2299 gold pieces.
You spent 1628 gold pieces at shops.

Inventory:

Hand Weapons
 a - a +2 quick blade of venom (weapon)
 J - the +1 rapier "Ypsuoll" {freeze, rF+ Dex+6}
   (You found it on level 5 of the Dungeon)

   It freezes those it strikes, dealing additional cold damage.
   It can also slow down cold-blooded creatures.
   Dex:       It affects your dexterity (+6).
   rF:        It protects you from fire.
Missiles
 p - 20 poisoned darts
 F - 6 javelins
 S - 3 silver boomerangs
 W - 91 boomerangs (quivered)
Armour
 i - the cursed +0 buckler of Ashenzari's Sun (worn) {Cun, Self}
   (You found it on level 2 of the Dungeon)

   It has a curse which improves the following skills: Cunning: Dodging and
   Stealth.
   Introspection: Fighting and Spellcasting.
 r - the cursed +3 leather armour "Behold Eternity" (worn) {rPois, Bglg, Melee}
   (You found it on level 1 of the Lair of Beasts)

   It has a curse which improves the following skills: Beguiling: Conjurations,
   Hexes and Translocations.
   Melee Combat: Short Blades, Long Blades, Axes, Maces & Flails, Polearms,
   Staves and Unarmed Combat.
 t - the cursed +0 pair of boots "Regret of Ashenzari" (worn) {Fort, Comp}
   (You found it on level 3 of the Dungeon)

   It has a curse which improves the following skills: Fortitude: Armour and
   Shields.
   Companions: Summonings and Necromancy.
 B - the cursed +2 pair of gloves "Gaze Upon Infinity" (worn) {Evo, Bglg}
   (You bought it in a shop on level 2 of the Orcish Mines)

   It has a curse which improves the following skills: Evocations: Evocations.
   Beguiling: Conjurations, Hexes and Translocations.
 P - the cursed +0 helmet "Gaze Upon Infinity" (worn) {Fort, Bglg}
   (You found it on level 8 of the Dungeon)

   It has a curse which improves the following skills: Fortitude: Armour and
   Shields.
   Beguiling: Conjurations, Hexes and Translocations.
 Y - the cursed scarf "At What Cost Knowledge?" (worn) {shadows, Fort, Evo}
   (You bought it in a shop on level 14 of the Dungeon)

   It has a curse which improves the following skills: Fortitude: Armour and
   Shields.
   Evocations: Evocations.
Magical Staves
 b - a staff of air {!a}
 c - a staff of earth
 R - a staff of conjuration
Jewellery
 D - the cursed amulet "Eternal With Me" (around neck) {Reflect SH+5, Comp, Self}
   (You found it on level 5 of the Dungeon)

   [amulet of reflection]

   It reflects blocked missile attacks.
   SH:        It affects your SH (+5).
   It has a curse which improves the following skills: Companions: Summonings
   and Necromancy.
   Introspection: Fighting and Spellcasting.
 Q - the cursed ring of the Fated Affliction (right hand) {AC+4, Cun, Self}
   (You bought it in a shop on level 2 of the Orcish Mines)

   [ring of protection]

   AC:        It affects your AC (+4).
   It has a curse which improves the following skills: Cunning: Dodging and
   Stealth.
   Introspection: Fighting and Spellcasting.
 T - the ring "Pyasueha" {*Slow rElec rPois Will++ Slay+3}
   (You found it on level 12 of the Dungeon)

   [ring of poison resistance]

   Slay:      It affects your accuracy & damage with ranged weapons and melee
   (+3).
   rElec:     It insulates you from electricity.
   rPois:     It protects you from poison.
   *Slow:     It may slow you when you take damage.
   Will:      It greatly increases your willpower.
 V - a +4 ring of protection (left hand)
Wands
 j - a wand of iceblast (40)
 l - a wand of charming (10)
 w - a wand of digging (10)
 z - a wand of paralysis (14)
 A - a wand of polymorph (10)
 M - a wand of flame (22)
 O - a wand of acid (19)
 X - a wand of mindburst (5)
Scrolls
 g - 3 scrolls of magic mapping
 m - 3 scrolls of vulnerability
 n - a scroll of enchant armour
 s - a scroll of silence
 x - 4 scrolls of teleportation
 G - a scroll of holy word
 H - 3 scrolls of immolation
 I - 3 scrolls of fog
 N - a scroll of blinking
Potions
 d - a potion of resistance
 e - a potion of cancellation
 f - 8 potions of curing
 k - 3 potions of haste
 o - a potion of magic
 q - 6 potions of lignification
 u - 4 potions of heal wounds
 C - 3 potions of berserk rage
 E - 3 potions of might
 K - 3 potions of brilliance
 L - a potion of ambrosia
Miscellaneous
 h - a condenser vane
 v - a lightning rod (4/4)
 y - a phantom mirror
 U - a box of beasts (inert)
 Z - a piece from Xom's chessboard (15/15)


   Skills:
 - Level 10.6(16.0) Fighting
 - Level 6.5(9.3) Short Blades
 - Level 11.4(15.5) Dodging
 - Level 10.0(14.1) Stealth
 + Level 4.0(8.8) Shields
 - Level 9.3(14.7) Spellcasting
 - Level 7.3(12.7) Conjurations
 - Level 2.0(5.7) Hexes
 - Level 7.0(11.1) Summonings
 - Level 6.5(11.8) Translocations
 - Level 6.5 Transmutations
 - Level 7.2 Ice Magic
 - Level 7.0 Air Magic
 - Level 12.0 Earth Magic
 - Level 10.0(14.1) Evocations


You had 7 spell levels left.
You knew the following spells:

 Your Spells              Type           Power      Damage    Failure   Level
a - Iron Shot             Conj/Erth      37%        9d7       3%          6
b - Iskenderun's Mystic   Conj/Tloc      74%        2d15      1%          4
c - Call Canine Familiar  Summ           70%        N/A       1%          3
d - Summon Lightning Spi  Summ/Air       64%        N/A       1%          4
e - Ozocubu's Armour      Ice            57%        N/A       1%          3
f - Airstrike             Air            28%        N/A       2%          4
g - Passwall              Tmut/Erth      53%        N/A       1%          2
h - Summon Guardian Gole  Hex/Summ       62%        N/A       1%          3
s - Call Imp              Summ           70%        N/A       1%          2
z - Lee's Rapid Deconstr  Erth           36%        3d19*     1%          5

Your spell library contained the following spells:

 Spells                   Type           Power      Damage    Failure   Level
 Sandblast                Erth           100%       2d20      1%          1
 Shock                    Conj/Air       100%       1d9       1%          1
 Slow                     Hex            100%       N/A       1%          1
 Summon Small Mammal      Summ           100%       N/A       1%          1
 Wereblood                Tmut           54%        N/A       1%          2
 Confusing Touch          Hex            52%        N/A       1%          3
 Conjure Flame            Conj/Fire      54%        6-21      1%          3
 Stone Arrow              Conj/Erth      100%       3d13      1%          3
 Swiftness                Air            56%        N/A       1%          3
 Animate Armour           Summ/Erth      100%       N/A       1%          4
 Fulminant Prism          Conj/Hex       32%        3d16      1%          4
 Passage of Golubria      Tloc           72%        N/A       1%          4
 Petrify                  Tmut/Erth      64%        N/A       1%          4
 Summon Forest            Summ/Tloc      35%        N/A       1%          5
 Pain                     Necr           96%        1d8       3%          1
 Sticky Flame             Conj/Fire      54%        2d7       3%          4
 Ignite Poison            Fire/Tmut/Pois 32%        N/A       4%          3
 Blade Hands              Tmut           27%        N/A       8%          5
 Metabolic Englaciation   Hex/Ice        27%        N/A       8%          5
 Silence                  Hex/Air        27%        N/A       8%          5
 Vampiric Draining        Necr           24%        2d7       10%         3
 Statue Form              Tmut/Erth      42%        N/A       14%         6
 Summon Hydra             Summ           35%        N/A       34%         7
 Agony                    Necr           24%        N/A       65%         5
 Excruciating Wounds      Necr           12%        N/A       65%         5
 Simulacrum               Ice/Necr       21%        N/A       77%         6
 Eringya's Noxious Bog    Tmut/Pois      19%        N/A       85%         6
 Lehudib's Crystal Spear  Conj/Erth      37%        10d9      86%         8


Dungeon Overview and Level Annotations

Branches:
Dungeon (15/15)            Temple (1/1) D:7            Lair (6/6) D:8
  Swamp (0/4) Lair:2       Spider (0/4) Lair:4        Slime (0/5) Lair:6
    Orc (2/2) D:10            Elf (0/3) Orc:2        Vaults (0/5) D:13
 Depths (0/4) D:15         Bailey (visited)

Altars:
Ashenzari
Cheibriados
Dithmenos
Elyvilon
Fedhas
Gozag
Hepliaklqana
Kikubaaqudgha
Makhleb
Nemelex Xobeh
Okawaru
Qazlal
Ru
Sif Muna
Trog
Uskayaw
Vehumet
Wu Jian
Xom
Yredelemnul
Zin
The Shining One
Beogh
Jiyva

Shops:
D:3 =   D:14 [   Orc:1 :   Orc:2 *=*([=

Portals:
Abyss: Lair:2

Annotations:
D:9 2 transporters, lawman0's ghost, novice DrWz
D:15 3 runed translucent doors, exclusion: 3 doors, Ujot's ghost, journeyman DsGl
Lair:2 1 transporter, a11behringer's ghost, journeyman GrBe


Message History

Casting: Iron Shot (dangerous; 3% risk of failure)
Confirm with . or Enter, or press ? or * to list all spells.
Aiming: Iron Shot (dangerous; 3% risk of failure)
Press: ? - help, Shift-Dir - straight line, f/p - apocalypse crab
Aim: an apocalypse crab (seething chaos, almost dead, slightly transparent, 88% to hit)
The iron shot hits the apocalypse crab!!
You kill the apocalypse crab!
You are engulfed in seething chaos.
The hell hog is engulfed in seething chaos.
The hell hog flickers and vanishes for a moment.
The hell hog enters a dispersal trap!
The hell hog blinks!
You blink.
The hell hog blinks!
The hell hog is engulfed in seething chaos.
Training target 12.0 for Earth Magic reached!
Your Earth Magic skill increases to level 12!
You need to enable at least one skill for training.
You open the lid... ...and a mature fireweird beast leaps out!
The box is emptied!
You are engulfed in seething chaos.
You block the hell hog's attack.
The hell hog is engulfed in seething chaos.
You block the hell hog's attack.
The spriggan is engulfed in seething chaos. x2
The spriggan hits your mature fireweird beast with a +2 short sword of distortion!
Space warps around your mature fireweird beast.
The hell hog is engulfed in seething chaos.
The hell hog breathes fire at you.
The fireball explodes!
The fireball engulfs you!!!
* * * LOW HITPOINT WARNING * * *
The fireball engulfs your mature fireweird beast!
Your mature fireweird beast resists.
The fireball engulfs the hell hog.
The hell hog completely resists.
The fireball engulfs the hell hog.
The hell hog completely resists.
As you read the scroll of teleportation, it crumbles to dust.
You feel strangely unstable. You block the hell hog's attack.
The hell hog bites you!
* * * LOW HITPOINT WARNING * * *
The hell hog breathes fire at you.
The fireball explodes!
The fireball engulfs you!
You die...

#....######.©.#.t#...###P.##
.........##.##.###...###..#
......©...#.{#.#.....#P...#
.....###..##.i4#.........##
#...##.##..#$#§##.....####
#..###W.#.##.4#.##....P#
...##.#####...^#i#....P#
....##..§.§##^.Hh##...##
.....#[.....§#.h@©#...##
^....#...###..###.#...##
.....##.####.##.###....#
......###..###.........#
......................##
.....................###
PP......######...###.##
#...P....#..###.######
....##...........#


You could see 2 hell hogs, an orange demon, a spriggan and a friendly mature
fireweird beast (summoned).

Vanquished Creatures
  A bone dragon (D:14)
  Roxanne (D:15)
  A dire elephant (Lair:6)
  An ettin (D:15)
  2 vault guards (D:13)
  6 hydras
  8 boulder beetles
  A catoblepas (D:13)
  5 centaur warriors
  2 death knights (D:14)
  4 two-headed ogres
  A death yak (Lair:6)
  A tengu warrior (D:15)
  Nergalle (D:11)
  A deep elf knight (D:12)
  An orc high priest (Orc:2)
  2 deep trolls (D:15)
  2 deep elf archers (D:12)
  A deep elf zephyrmancer (Orc:1)
  3 deep elf pyromancers
  An orc knight (D:11)
  A wolf spider (D:15)
  2 orc sorcerers (Orc:2)
  6 ugly things
  3 necromancers
  3 cyclopes
  5 elephants
  Maurice (D:12)
  6 centaur zombies (D:14)
  An apocalypse crab (Lair:2)
  An unseen horror (D:13)
  7 centaur skeletons (D:14)
  A gargoyle (D:14)
  3 cane toads
  2 komodo dragons (Lair:6)
  2 efreet (D:13)
  A tengu conjurer (D:15)
  A rime drake (Lair:3)
  4 freezing wraiths
  A troll (Orc:2)
  A jumping spider (shapeshifter) (D:14)
  A wind drake (shapeshifter) (D:15)
  A jumping spider (Lair:4)
  A polar bear (Lair:5)
  6 slime creatures
  Grinder (D:4)
  A harpy skeleton (D:14)
  2 blink frogs
  7 yaks
  A vampire (D:12)
  A basilisk (D:12)
  A yak (shapeshifter) (D:14)
  2 steam dragons
  2 wargs (Orc:1)
  4 water moccasins
  A hornet zombie (D:14)
  6 orc warriors
  An ogre (Orc:1)
  5 centaurs
  7 wolves
  4 bullfrogs
  3 scorpions
  2 cane toad simulacra
  An elephant simulacrum (Lair:4)
  2 killer bees (D:11)
  4 electric eels
  A wight (D:9)
  A howler monkey (D:12)
  3 hounds
  3 orc priests
  9 orc wizards
  A polar bear simulacrum (Lair:4)
  A gnoll (Bailey)
  4 adders
  A dart slug (D:2)
  13 orcs
  2 endoplasms (D:3)
  8 goblins
  4 hobgoblins
  17 kobolds
  2 quokkas (D:4)
  5 ball pythons
  7 bats
  A frilled lizard (D:3)
  2 rats
250 creatures vanquished.

Vanquished Creatures (collateral kills)
  An orc warlord (Orc:2)
  A dire elephant (Lair:6)
  A hydra (Lair:6)
  6 vault guards (D:13)
  A tengu warrior (D:15)
  An obsidian statue (Lair:6)
  A spectral anaconda (Lair:6)
  3 orc knights (Orc:2)
  3 necromancers (Lair:6)
  An orc sorcerer (Orc:2)
  The ghost of porpoise the Thaumaturge, a novice DECj of Vehumet (D:7)
  3 deep elf pyromancers
  An ugly thing (D:15)
  2 deep elf zephyrmancers (Orc:1)
  An oklob plant (Lair:3)
  A cyclops (D:12)
  9 elephants
  A dire elephant zombie (Lair:6)
  2 black mambas (Lair:1)
  8 cane toads
  3 rime drakes
  7 komodo dragons
  A troll (Orc:2)
  2 polar bears
  2 meliai zombies
  5 slime creatures (D:12)
  10 blink frogs
  A spectral elephant (Lair:6)
  Sigmund (D:2)
  4 wraiths (D:14)
  2 shadows
  25 yaks
  A vampire (D:10)
  A redback (Lair:4)
  A spriggan (Lair:3)
  5 wyverns
  2 basilisks
  2 steam dragons (D:9)
  2 wargs
  Menkaure (D:6)
  2 death yak simulacra (Lair:6)
  2 spectral cane toads (Lair:6)
  9 water moccasins
  2 ice beasts (D:7)
  A swamp drake (D:10)
  2 black bears
  A sky beast (D:5)
  A hornet zombie (D:8)
  24 orc warriors
  5 ogres
  8 wolves
  An elephant zombie (Lair:6)
  3 centaurs
  2 phantoms
  Blork the orc (Orc:2)
  5 bullfrogs
  A gnoll sergeant (D:11)
  9 killer bees
  An elephant simulacrum (Lair:6)
  8 howler monkeys
  7 wights (D:9)
  3 centaur zombies
  A bullfrog zombie (D:6)
  2 hounds (D:4)
  6 centaur skeletons
  8 orc priests
  Crazy Yiuf (D:7)
  A bullfrog skeleton (D:7)
  4 iguanas
  14 orc wizards
  A wolf simulacrum (Lair:4)
  A hound skeleton (D:4)
  2 howler monkey zombies
  A gnoll (Bailey)
  4 adders
  A shadow imp (D:6)
  2 white imps
  An ufetubus (D:6)
  An adder skeleton (D:4)
  2 worms
  2 dart slugs
  41 orcs
  4 bats
  6 endoplasms
  4 giant cockroaches
  4 goblins
  9 hobgoblins
  2 jackals (D:3)
  2 quokkas
  3 ball pythons
  A frilled lizard (D:1)
  8 kobolds
  3 rats
366 creatures vanquished.

Vanquished Creatures (others)
  3 deep elf pyromancers
  A troll (D:12)
  2 slime creatures (D:12)
  3 blink frogs (Lair:2)
  An orc (Orc:2)
  15 fungi
  13 plants
  28 withered plants (Lair:6)
66 creatures vanquished.

Grand Total: 682 creatures vanquished

Notes
Turn   | Place    | Note
-------+----------+-------------------------------------------
     0 | D:1      | mainiacjoe the Deep Elf Summoner began the quest for the
                  | Orb.
     0 | D:1      | Reached XP level 1. HP: 10/10 MP: 6/6
    27 | D:1      | Found a faded altar of an unknown god.
   535 | D:1      | Reached XP level 2. HP: 15/15 MP: 8/8
   587 | D:1      | Learned a level 2 spell: Call Imp
   948 | D:2      | Learned a level 1 spell: Shock
  1322 | D:2      | Reached XP level 3. HP: 19/19 MP: 7/10
  1373 | D:2      | Noticed Sigmund
  1898 | D:2      | Reached skill level 1 in Shields
  1898 | D:2      | Reached skill level 1 in Air Magic
  2402 | D:3      | Reached XP level 4. HP: 24/24 MP: 7/11
  2406 | D:3      | Learned a level 3 spell: Call Canine Familiar
  2410 | D:3      | Learned a level 3 spell: Summon Guardian Golem
  3473 | D:3      | Reached skill level 1 in Hexes
  3473 | D:3      | Reached skill level 5 in Summonings
  3484 | D:3      | Found Jenef's Jewellery Boutique.
  3785 | D:4      | Reached XP level 5. HP: 16/28 MP: 2/13
  4065 | D:4      | Reached XP level 6. HP: 32/32 MP: 10/15
  4070 | D:4      | Learned a level 4 spell: Summon Lightning Spire
  4114 | D:4      | Noticed Grinder
  4119 | D:4      | Paralysed by Grinder for 2 turns
  4125 | D:4      | Paralysed by Grinder for 7 turns
  4128 | D:4      | Killed Grinder
  4129 | D:4      | Reached skill level 5 in Spellcasting
  4534 | D:4      | Reached XP level 7. HP: 36/36 MP: 16/16
  4822 | D:4      | You fall into a shaft and drop 1 floor!
  4822 | D:5      | Entered Level 5 of the Dungeon
  4855 | D:5      | Identified the +1 rapier "Ypsuoll" {freeze, rF+ Dex+6}
  6013 | D:5      | Reached XP level 8. HP: 41/41 MP: 17/17
  6077 | D:5      | Noticed a two-headed ogre
  6426 | D:6      | Reached skill level 5 in Air Magic
  6836 | D:6      | Noticed Menkaure
  6852 | D:6      | Killed Menkaure
  7111 | D:6      | Reached skill level 1 in Fighting
  7436 | D:7      | Learned a level 4 spell: Airstrike
  7697 | D:7      | Reached XP level 9. HP: 39/49 MP: 13/18
  7776 | D:7      | Reached skill level 5 in Dodging
  7865 | D:7      | Found a runed translucent door.
  8318 | D:7      | Found a staircase to the Ecumenical Temple.
  8324 | Temple   | Entered the Ecumenical Temple
  8491 | Temple   | Became a worshipper of Ashenzari the Shackled
  8814 | D:7      | Found a runed translucent door.
  8815 | D:7      | Noticed Crazy Yiuf
  8822 | D:7      | Killed Crazy Yiuf
  8965 | D:7      | Noticed porpoise's ghost (novice DECj)
  8973 | D:7      | Killed porpoise's ghost
  9126 | D:8      | Noticed an elephant
  9140 | D:8      | Reached skill level 5 in Fighting
  9141 | D:8      | Killed an elephant
  9232 | D:8      | Found a staircase to the Lair.
  9463 | D:3      | Bought a +4 ring of evasion for 360 gold pieces
  9902 | D:9      | Reached XP level 10. HP: 59/59 MP: 14/19
 10055 | D:9      | Found a transporter.
 10060 | D:9      | Found a transporter.
 10060 | D:9      | Noticed an orc knight
 10060 | D:9      | Noticed lawman0's ghost (novice DrWz)
 10121 | D:9      | Reached skill level 10 in Dodging
 10582 | D:9      | Noticed a cyclops
 10924 | D:10     | Entered Level 10 of the Dungeon
 10983 | D:10     | Reached skill level 5 in Stealth
 11694 | D:10     | Found a staircase to the Orcish Mines.
 12182 | D:10     | Found a white marble altar of Elyvilon.
 12200 | D:10     | Reached XP level 11. HP: 67/68 MP: 16/20
 12474 | Lair:1   | Entered Level 1 of the Lair of Beasts
 13306 | Lair:1   | Reached * piety under Ashenzari
 13306 | Lair:1   | Identified a scroll of acquirement
 13307 | Lair:1   | Acquired a staff of air
 13553 | Lair:2   | Found a staircase to the Swamp.
 13819 | Lair:2   | Noticed a hell hog
 13849 | Lair:2   | Found a transporter.
 13853 | Lair:2   | Noticed a hell hog
 13976 | Lair:2   | Found a transporter.
 14231 | Lair:3   | Noticed an oklob plant
 14242 | Lair:3   | Killed an oklob plant
 14466 | Lair:3   | Noticed a six-headed hydra
 14483 | Lair:3   | Killed a six-headed hydra
 14653 | Lair:3   | Reached skill level 10 in Fighting
 14656 | Lair:3   | Reached skill level 10 in Stealth
 14661 | Lair:3   | Reached skill level 1 in Evocations
 14702 | Lair:3   | Reached ** piety under Ashenzari
 15562 | Lair:3   | Reached XP level 12. HP: 19/77 MP: 14/21
 16320 | Lair:3   | Reached skill level 5 in Evocations
 16808 | Lair:4   | Reached skill level 1 in Short Blades
 17299 | Lair:4   | Found a hole to the Spider Nest.
 17592 | Lair:4   | Reached skill level 5 in Short Blades
 18120 | Lair:5   | Reached *** piety under Ashenzari
 19356 | Lair:6   | Entered Level 6 of the Lair of Beasts
 19361 | Lair:6   | Learned a level 3 spell: Stone Arrow
 19428 | Lair:6   | Found a viscous altar of Jiyva.
 19428 | Lair:6   | Found a staircase to the Slime Pits.
 19487 | Lair:6   | Learned a level 2 spell: Passwall
 19567 | Lair:6   | Reached skill level 1 in Conjurations
 19567 | Lair:6   | Reached skill level 1 in Earth Magic
 19623 | Lair:6   | Noticed an eight-headed hydra
 19631 | Lair:6   | Acquired a staff of conjuration
 19658 | Lair:6   | Noticed a five-headed hydra
 19664 | Lair:6   | Killed a five-headed hydra
 19672 | Lair:6   | Reached skill level 2 in Earth Magic
 19672 | Lair:6   | Reached XP level 13. HP: 73/82 MP: 13/25
 19974 | Lair:6   | Noticed a dire elephant
 19974 | Lair:6   | Noticed a dire elephant
 20164 | Lair:6   | Reached skill level 3 in Earth Magic
 20520 | Lair:6   | Reached **** piety under Ashenzari
 20705 | Lair:6   | Reached skill level 4 in Earth Magic
 20795 | Lair:6   | Identified the ring "Axocigy" {rN+ Str+4}
 20964 | Lair:6   | Killed a dire elephant
 20965 | Lair:6   | Reached skill level 5 in Earth Magic
 20965 | Lair:6   | Reached skill level 10 in Evocations
 21107 | Lair:6   | Reached skill level 6 in Earth Magic
 21533 | Lair:6   | Killed a dire elephant
 22068 | D:2      | Killed Sigmund
 22069 | D:2      | Reached skill level 7 in Earth Magic
 22591 | Lair:2   | Noticed a11behringer's ghost (journeyman GrBe)
 22741 | Orc:1    | Entered Level 1 of the Orcish Mines
 22741 | Orc:1    | Found Ahaetok's Book Shop.
 22763 | Orc:1    | Reached skill level 5 in Conjurations
 23366 | Orc:1    | Reached skill level 8 in Earth Magic
 23670 | Orc:1    | Reached skill level 9 in Earth Magic
 24034 | Orc:2    | Entered Level 2 of the Orcish Mines
 24164 | Orc:2    | Found Sugrisa's Jewellery Boutique.
 24333 | Orc:2    | Found a staircase to the Elven Halls.
 24453 | Orc:2    | Found Ipifam's General Store.
 24454 | Orc:2    | Found Lypraem's Specific Store.
 24467 | Orc:2    | Bought a scroll of enchant weapon for 90 gold pieces
 24547 | Orc:2    | Learned a level 5 spell: Lee's Rapid Deconstruction
 24716 | Orc:2    | Found Suifuliamu's Jewellery Shoppe.
 24727 | Orc:2    | Noticed Blork the orc
 24733 | Orc:2    | Killed Blork the orc
 24736 | Orc:2    | Reached skill level 10 in Earth Magic
 24754 | Orc:2    | Reached XP level 14. HP: 75/91 MP: 11/30
 24929 | Orc:2    | Noticed an orc warlord
 24946 | Orc:2    | Killed an orc warlord
 24984 | Orc:2    | Found Kohael's Antique Weapon Shoppe.
 25002 | Orc:2    | Found Ituop's Antique Armour Shoppe.
 25019 | Orc:2    | Found Wolakeh's General Store.
 25071 | Orc:2    | Bought a +4 ring of protection for 468 gold pieces
 25078 | Orc:2    | Learned a level 4 spell: Iskenderun's Mystic Blast
 25082 | Orc:2    | Learned a level 3 spell: Ozocubu's Armour
 25644 | D:11     | Found a flagged portal.
 25650 | D:11     | Noticed Nergalle
 25657 | D:11     | Killed Nergalle
 25682 | D:11     | Reached skill level 1 in Ice Magic
 25811 | Bailey   | Entered a bailey
 26485 | D:11     | Reached skill level 1 in Transmutations
 26652 | D:11     | Reached skill level 1 in Translocations
 27158 | D:12     | Noticed Maurice
 27161 | D:12     | Killed Maurice
 27459 | D:12     | Identified the +4 scale mail "Kaplaf" {Harm rN+}
 27577 | D:12     | Identified the ring "Pyasueha" {*Slow rElec rPois Will++
                  | Slay+3}
 28014 | D:12     | Identified the amulet "Niarpheni" {Faith Str+5 Int+3}
 29042 | D:13     | Found a gate to the Vaults.
 29416 | D:13     | Identified the +11 war axe of Rorchops {drain, Fly rF+
                  | Str+2 SInv}
 29461 | D:13     | Reached skill level 5 in Ice Magic
 30131 | D:11     | Learned a level 6 spell: Iron Shot
 30819 | D:13     | Reached XP level 15. HP: 103/103 MP: 35/35
 30881 | D:13     | Reached skill level 5 in Translocations
 30881 | D:13     | Reached skill level 5 in Transmutations
 31774 | D:14     | Identified the +12 chain mail of Utzac {Str+7}
 32018 | D:14     | Found the +9 sword of Zonguldrok {reap}
 32180 | D:14     | Noticed a bone dragon
 32193 | D:14     | Killed a bone dragon
 33011 | D:14     | Found Huomiqe's Antique Armour Emporium.
 33885 | Orc:2    | Bought a pair of glowing gloves for 247 gold pieces
 33887 | Orc:2    | Bought a pair of runed gloves for 247 gold pieces
 34177 | D:14     | Bought a glowing scarf for 216 gold pieces
 34423 | D:15     | Entered Level 15 of the Dungeon
 34464 | D:15     | Identified the +4 flail of the Cup {antimagic, rN+}
 35043 | D:15     | Reached skill level 11 in Earth Magic
 35750 | D:15     | Identified Roxanne's Incunabulum of Transmigration
 35750 | D:15     | Noticed Roxanne
 35763 | D:15     | Killed Roxanne
 35951 | D:15     | Found a staircase to the Depths.
 35985 | D:15     | Reached ***** piety under Ashenzari
 35999 | D:15     | Found a shadowy altar of Dithmenos.
 36059 | D:15     | Found a runed translucent gate.
 36059 | D:15     | Found a runed translucent gate.
 36060 | D:15     | Found a runed translucent gate.
 36062 | D:15     | Noticed Ujot's ghost (journeyman DsGl)
 36107 | D:15     | Found an iron altar of Okawaru.
 36400 | Lair:2   | Found a one-way gate to the infinite horrors of the Abyss.
 36439 | Lair:2   | Reached skill level 12 in Earth Magic
 36440 | Lair:2   | Killed from afar by a hell hog

Illustrated notes

Levels and vault maps discovered:
D:1:      dpeg_arrival_pond, layout_loops_cross,
          ebering_ecumenical_altar_abandoned, minmay_misc_feat_more_columns,
          wad_floor_pattern_untrapped, minivault_14
D:2:      layout_loops_ring, minmay_surrounded, uniq_sigmund
D:3:      minmay_chambers_of_threes, layout_basic, serial_shops,
          nicolae_shop_window_shopping, st_stairs_7
D:4:      layout_basic, uniq_grinder
D:5:      layout_loops_cross
D:6:      layout_gridville, serial_bayou_crossing, uniq_menkaure
D:7:      layout_basic, temple_green, ebering_ghost_reflecting_pool,
          uniq_crazy_yiuf_cottage
D:8:      layout_rooms, david_lair_generic
D:9:      cheibrodos_steamvent, layout_basic, gammafunk_ghost_arena,
          interstate_on_off
D:10:     layout_rooms, lemuel_doored_altar, erik_orc_1,
          chequers_serial_rivers_micro_a
D:11:     layout_loops_cross, enter_bailey_5, minmay_checkerbox, uniq_nergalle
D:12:     layout_grid_maze, uniq_maurice
D:13:     layout_basic, erik_vaults_2, minmay_fractal_squares_gapless_5
D:14:     layout_irregular_city, kennysheep_cross_room, serial_shops,
          nicolae_shop_stone, minmay_guarded_unrand_zonguldrok
D:15:     hangedman_depths_entry_civil_slaughter, layout_small_grid,
          grunt_dithmenos_shadows, gammafunk_ghost_fury_of_okawaru, uniq_roxanne
Temple:   kilobyte_greek_temple
Lair:1:   layout_hall_layers
Lair:2:   layout_loops_ring, swamp_mist_pool, gammafunk_ghost_abyssal_escape,
          infiniplex_staircase_pool_2
Lair:3:   layout_cave_pods, minmay_lair_oklob_bushes, forest_entry_grove
Lair:4:   layout_small_grid, spider_nest_entry_a,
          portal_ice_cave_entry_ice_simulacra
Lair:5:   layout_cave_pods, lemuel_fruit_tree
Lair:6:   due_jungle_book, layout_loops_ring, dpeg_slime_entry_enclosed_altar,
          grunt_megastairs_4
Orc:1:    layout_diamond_mine, serial_shops, shop, elves_outpost_lemuel
Orc:2:    grunt_orc_cross, layout_diamond_mine, basic_altar, serial_shops,
          shop_fountains, nicolae_specific_store, mines1_david

Skill      XL: |  1  2  3  4  5  6  7  8  9 10 11 12 13 14 15 |
---------------+----------------------------------------------+-----
Shields        | 1 2 3 4 |  4.0
Air Magic      | 1 2 4 7 |  7.0
Spellcasting   | 4 5 7 9 |  9.3
Hexes          | 1 2 |  2.0
Summonings     | 5 6 7 |  7.0
Dodging        | 4 9 10 11 | 11.4
Fighting       | 2 5 7 10 | 10.6
Stealth        | 7 10 | 10.0
Evocations     | 4 8 10 | 10.0
Short Blades   | 6 |  6.5
Conjurations   | 1 5 7 |  7.3
Earth Magic    | 2 10 12 | 12.0
Ice Magic      | 5 7 |  7.2
Transmutations | 4 6 |  6.5
Translocations | 4 6 |  6.5

Action                   |  1- 3 |  4- 6 |  7- 9 | 10-12 | 13-15 || total
-------------------------+-------+-------+-------+-------+-------++-------
Melee: Unarmed           |     8 |       |       |       |       ||     8
       Dagger            |     1 |    32 |     1 |       |       ||    34
       Short sword       |     1 |       |       |       |       ||     1
       Rapier            |    24 |    23 |    50 |   109 |       ||   206
       Quick blade       |       |       |       |   245 |   854 ||  1099
Throw: Stone             |    12 |    44 |     2 |     3 |       ||    61
       Dart              |       |       |    76 |   135 |       ||   211
       Boomerang         |       |       |       |     3 |    88 ||    91
 Cast: Summon Small Mamm |    21 |     2 |       |       |       ||    23
       Shock             |    21 |    12 |     3 |    25 |       ||    61
       Call Imp          |    11 |     8 |     5 |     9 |     2 ||    35
       Call Canine Famil |       |    10 |    16 |    28 |    31 ||    85
       Summon Guardian G |       |     3 |     1 |     5 |     4 ||    13
       Summon Lightning  |       |       |    30 |    69 |    83 ||   182
       Airstrike         |       |       |       |    27 |    36 ||    63
       Stone Arrow       |       |       |       |     1 |    62 ||    63
       Lee's Rapid Decon |       |       |       |       |    41 ||    41
       Iron Shot         |       |       |       |       |    59 ||    59
       Passwall          |       |       |       |       |    11 ||    11
       Iskenderun's Myst |       |       |       |       |    12 ||    12
       Ozocubu's Armour  |       |       |       |       |     4 ||     4
Invok: Curse Item        |       |       |     1 |     4 |     5 ||    10
       Shatter the Chain |       |       |       |       |     2 ||     2
Evoke: Wand              |       |       |       |     4 |    16 ||    20
       Lightning rod     |       |       |       |       |     2 ||     2
       Phantom mirror    |       |       |       |       |     1 ||     1
       Box of beasts     |       |       |       |       |     1 ||     1
       Piece from Xom's  |       |       |       |       |     1 ||     1
  Use: Scroll            |     2 |     1 |     2 |     9 |     7 ||    21
       Potion            |       |       |       |       |     3 ||     3
 Stab: Sleeping          |     3 |     2 |     3 |     2 |    21 ||    31
       Distracted        |     1 |       |     1 |     4 |     4 ||    10
       Paralysed         |       |       |       |       |     2 ||     2
Armor: Robe              |     9 |    14 |     6 |     1 |       ||    30
       Leather armour    |       |       |       |    54 |   175 ||   229
Dodge: Dodged            |    24 |    38 |    45 |   258 |   318 ||   683
Block: Buckler           |     3 |    14 |    22 |   225 |   267 ||   531
       Reflection        |       |       |     2 |     9 |    22 ||    33

Table legend: (Time is in decaauts)
 A = Elapsed time spent in this place.
 B = Non-inter-level travel time spent in this place.
 C = Inter-level travel time spent in this place.
 D = Time resting spent in this place.
 E = Time spent auto-exploring this place.
 F = Levels seen in this place.
 G = Mean time per level.
                   A        B        C        D        E       F      G
               +--------+--------+--------+--------+--------+-----+--------+
         Total |  35845 |  33061 |   2784 |   6065 |  21125 |  25 | 1433.8 |
       Dungeon |  22925 |  20835 |   2090 |   3636 |  13756 |  15 | 1528.3 |
        Temple |    205 |    168 |     37 |      0 |    151 |   1 |  205.0 |
          Lair |   9380 |   9027 |    353 |   1566 |   5917 |   6 | 1563.3 |
  Orcish Mines |   2991 |   2687 |    304 |    735 |   1290 |   2 | 1495.5 |
        Bailey |    341 |    341 |      0 |    128 |     10 |   1 |  341.0 |
               +--------+--------+--------+--------+--------+-----+--------+

Top non-repeatable levels by time:
    D:14: 2452 daAuts
  Lair:6: 2358 daAuts
    D:13: 2274 daAuts
    D:12: 2153 daAuts
  Lair:3: 2122 daAuts
     D:2: 1676 daAuts
  Lair:4: 1649 daAuts
    D:10: 1603 daAuts
    D:15: 1603 daAuts
   Orc:1: 1521 daAuts
     D:7: 1506 daAuts
   Orc:2: 1470 daAuts
     D:3: 1456 daAuts
     D:4: 1449 daAuts
     D:9: 1374 daAuts
